General information
- name: BNet
- type: Ladder team game (AT/RT)
- host: Battle.net
- saver: ThatTurncoat
map: Slalom
- players: 8
- length: 59:00
- speed: Fast
- version: 1.26 W3XP
- replay type: Public
» download(322 KB)
Players
team 1 (winner)

»
Celebrieigil (
red | 34 APM | 1381 actions | 40:42)
6 Priestess of the Moon
2 Searing Arrows
3 Trueshot Aura
1 Starfall
4 Keeper of the Grove
2 Thorns Aura
2 Entangling Roots
3 Demon Hunter
1 Evasion
1 Mana Burn
1 Immolation
1 Far Seer
1 Chain Lighting
» actions
| Assign group hotkey | 45 | |
| Build / train | 183 | |
| Enter build submenu | 33 | |
| Enter hero's abilities submenu | 15 | |
| Give item / drop item | 4 | |
| Remove unit from queue | 3 | |
| Right click | 308 | |
| Select / deselect | 314 | |
| Select group hotkey | 382 | |
| Use ability | 94 | |
1381 total
» units
| Wisp | 54 | |
| Archer | 23 | |
| Chimaera | 24 | |
| Dryad | 27 | |
| Druid of the Talon | 4 | |
| Druid of the Claw | 2 | |
134 total
» upgrades
| Strength of the Wild | 3 | |
| Reinforced Hides | 4 | |
| Ultravision | 1 | |
| Corrosive Breath | 1 | |
| Nature's Blessing | 1 | |
| Well Spring | 1 | |
| Abolish Magic | 1 | |
| Druid of the Claw Training | 2 | |
| Mark of the Claw | 1 | |
15 total
» buildings
| Moon Well | 8 | |
| Altar of Elders | 1 | |
| Ancient of War | 2 | |
| Ancient of Wonders | 1 | |
| Tree of Ages | 1 | |
| Hunter's Hall | 1 | |
| Tree of Eternity | 1 | |
| Tree of Life | 5 | |
| Ancient of Wind | 2 | |
| Ancient of Lore | 2 | |
| Chimaera Roost | 2 | |
| Ancient Protector | 8 | |
34 total
» build order
00:22 Moon Well
00:37 Altar of Elders
00:45 Moon Well
01:29 Ancient of War
02:00 Ancient of War
02:09 Ancient of Wonders
02:24 Moon Well
04:30 Tree of Ages
04:44 Moon Well
05:14 Hunter's Hall
06:23 Moon Well
07:10 Tree of Eternity
07:38 Tree of Life
08:17 Ancient of Wind
08:20 Ancient of Wind
09:05 Tree of Life
09:25 Ancient of Lore
10:19 Chimaera Roost
10:52 Chimaera Roost
13:57 Tree of Life
14:01 Ancient Protector
15:23 Ancient Protector
17:54 Ancient Protector
18:00 Ancient Protector
18:26 Tree of Life
18:49 Moon Well
18:52 Moon Well
18:55 Ancient Protector
19:00 Ancient Protector
19:03 Ancient Protector
19:50 Ancient Protector
21:54 Ancient of Lore
24:10 Moon Well
26:23 Tree of Life
» items
| Moonstone | 1 | |
| Scroll of Town Portal | 2 | |
| Anti-magic Potion | 9 | |
12 total
TheFrumentarii (
pink | 67 APM | 3939 actions | 59:00)
6 Death Knight
3 Death Coil
3 Unholy Aura
4 Lich
2 Frost Nova
2 Frost Armor
1 Priestess of the Moon
1 Searing Arrows
1 Warden
1 Shadow Strike
» actions
| Assign group hotkey | 49 | |
| Basic commands | 168 | |
| Build / train | 111 | |
| ESC pressed | 8 | |
| Enter build submenu | 52 | |
| Enter hero's abilities submenu | 12 | |
| Give item / drop item | 10 | |
| Remove unit from queue | 4 | |
| Right click | 1525 | |
| Select / deselect | 641 | |
| Select group hotkey | 1156 | |
| Use ability | 203 | |
3939 total
» units
| Acolyte | 9 | |
| Ghoul | 3 | |
| Crypt Fiend | 10 | |
| Gargoyle | 15 | |
37 total
» upgrades
| Creature Attack | 3 | |
| Creature Carapace | 3 | |
| Web | 1 | |
| Ghoul Frenzy | 1 | |
| Stone Form | 1 | |
| Backpack | 1 | |
| Burrow | 1 | |
| Unholy Strength | 2 | |
| Unholy Armor | 1 | |
14 total
» buildings
| Altar of Darkness | 1 | |
| Ziggurat | 31 | |
| Crypt | 8 | |
| Graveyard | 2 | |
| Tomb of Relics | 4 | |
| Halls of the Dead | 7 | |
| Black Citadel | 2 | |
| Sacrificial Pit | 1 | |
| Spirit Tower | 18 | |
| Necropolis | 5 | |
| Nerubian Tower | 1 | |
| Slaughterhouse | 2 | |
82 total
» build order
00:09 Altar of Darkness
00:10 Ziggurat
00:38 Crypt
00:57 Graveyard
01:15 Tomb of Relics
01:37 Ziggurat
03:31 Halls of the Dead
03:31 Halls of the Dead
03:32 Halls of the Dead
03:32 Halls of the Dead
04:11 Ziggurat
07:44 Black Citadel
07:44 Black Citadel
08:39 Ziggurat
08:42 Ziggurat
08:43 Ziggurat
09:10 Sacrificial Pit
09:13 Crypt
09:15 Crypt
10:01 Spirit Tower
10:01 Spirit Tower
10:01 Spirit Tower
11:46 Ziggurat
14:54 Spirit Tower
15:41 Ziggurat
15:42 Ziggurat
15:44 Ziggurat
15:45 Ziggurat
17:29 Spirit Tower
18:44 Necropolis
18:45 Ziggurat
18:46 Ziggurat
18:48 Ziggurat
18:50 Ziggurat
18:51 Ziggurat
18:52 Ziggurat
19:23 Spirit Tower
19:25 Spirit Tower
19:25 Spirit Tower
19:45 Spirit Tower
19:46 Spirit Tower
19:47 Spirit Tower
20:05 Crypt
20:07 Crypt
20:10 Crypt
20:11 Crypt
20:12 Crypt
25:54 Necropolis
27:45 Ziggurat
27:47 Ziggurat
27:56 Tomb of Relics
28:00 Tomb of Relics
28:13 Ziggurat
28:40 Spirit Tower
28:41 Spirit Tower
28:48 Nerubian Tower
29:26 Spirit Tower
30:37 Ziggurat
30:44 Ziggurat
30:49 Ziggurat
33:33 Slaughterhouse
33:35 Slaughterhouse
34:18 Halls of the Dead
36:17 Ziggurat
36:18 Ziggurat
36:20 Ziggurat
37:03 Necropolis
37:19 Spirit Tower
38:30 Ziggurat
38:33 Ziggurat
38:47 Halls of the Dead
38:51 Ziggurat
38:53 Ziggurat
39:28 Tomb of Relics
39:31 Spirit Tower
39:33 Spirit Tower
39:52 Spirit Tower
52:16 Necropolis
53:04 Necropolis
54:32 Ziggurat
54:58 Graveyard
» items
| Rod of Necromancy | 1 | |
| Scroll of Town Portal | 1 | |
| Potion of Healing | 1 | |
| Scroll of Healing | 2 | |
| Orb of Corruption | 1 | |
| Periapt of Vitality | 2 | |
| Circlet of Nobility | 2 | |
| Staff of Teleportation | 2 | |
| Boots of Speed | 2 | |
14 total
BOBMARKLEY. (
green | 52 APM | 2937 actions | 56:28)
10 Dark Ranger
3 Black Arrow
3 Silence
1 Charm
3 Life Drain
» actions
| Assign group hotkey | 34 | |
| Basic commands | 12 | |
| Build / train | 89 | |
| Enter build submenu | 42 | |
| Enter hero's abilities submenu | 10 | |
| Give item / drop item | 4 | |
| Remove unit from queue | 2 | |
| Right click | 1243 | |
| Select / deselect | 340 | |
| Select group hotkey | 1018 | |
| Use ability | 143 | |
2937 total
» units
| Peon | 21 | |
| Grunt | 4 | |
| Wind Rider | 6 | |
| Wisp | 1 | |
| Raider | 5 | |
37 total
» upgrades
| Reinforced Defenses | 1 | |
| Ranged Weapons | 3 | |
| Envenomed Spears | 1 | |
| Armor | 3 | |
| Melee Weapons | 1 | |
| Shaman Training | 2 | |
| Spirit Walker Training | 2 | |
13 total
» buildings
| Altar of Storms | 1 | |
| Orc Burrow | 6 | |
| Barracks | 1 | |
| Voodoo Lounge | 5 | |
| Stronghold | 2 | |
| War Mill | 2 | |
| Fortress | 1 | |
| Watch Tower | 55 | |
| Great Hall | 3 | |
| Beastiary | 5 | |
| Tree of Life | 1 | |
| Tree of Ages | 1 | |
| Spirit Lodge | 2 | |
| Altar of Elders | 1 | |
| Tree of Eternity | 1 | |
| Moon Well | 1 | |
88 total
» build order
00:10 Altar of Storms
00:19 Orc Burrow
00:39 Barracks
01:24 Orc Burrow
02:07 Voodoo Lounge
02:56 Stronghold
03:19 War Mill
04:33 Orc Burrow
05:27 Fortress
05:47 Watch Tower
05:48 Watch Tower
05:48 Watch Tower
06:45 Great Hall
08:35 Watch Tower
08:36 Watch Tower
08:36 Watch Tower
08:36 Watch Tower
08:37 Watch Tower
08:37 Watch Tower
08:38 Watch Tower
09:17 Orc Burrow
09:17 Orc Burrow
10:55 Beastiary
11:00 Beastiary
11:22 Watch Tower
11:22 Watch Tower
12:06 Beastiary
12:39 Orc Burrow
13:30 Watch Tower
13:31 Watch Tower
13:31 Watch Tower
13:32 Watch Tower
13:35 Watch Tower
14:26 Watch Tower
14:28 Watch Tower
14:28 Watch Tower
17:19 Great Hall
19:05 Great Hall
19:47 Watch Tower
19:47 Watch Tower
19:48 Watch Tower
19:50 Watch Tower
19:50 Watch Tower
19:51 Watch Tower
21:11 Watch Tower
21:11 Watch Tower
21:12 Watch Tower
21:13 Watch Tower
22:05 Voodoo Lounge
22:09 Watch Tower
22:09 Watch Tower
22:18 Watch Tower
22:19 Watch Tower
22:24 Watch Tower
22:24 Watch Tower
23:12 Watch Tower
23:12 Watch Tower
23:13 Watch Tower
26:03 Watch Tower
26:03 Watch Tower
26:04 Watch Tower
26:05 Watch Tower
26:05 Watch Tower
26:06 Watch Tower
26:07 Watch Tower
27:42 Voodoo Lounge
27:48 Voodoo Lounge
30:21 Watch Tower
30:21 Watch Tower
30:23 Watch Tower
30:24 Watch Tower
30:36 Stronghold
33:15 War Mill
33:24 Beastiary
33:24 Beastiary
35:48 Tree of Life
36:45 Watch Tower
36:46 Watch Tower
36:46 Watch Tower
38:17 Tree of Ages
39:25 Voodoo Lounge
39:27 Spirit Lodge
39:51 Spirit Lodge
47:55 Altar of Elders
52:17 Tree of Eternity
52:20 Moon Well
» items
| Healing Salve | 5 | |
| Rod of Necromancy | 1 | |
| Staff of Teleportation | 1 | |
| Potion of Lesser Invulnerability | 3 | |
| Scroll of Town Portal | 5 | |
| Orb of Lightning | 1 | |
| Potion of Healing | 2 | |
| Potion of Invisibility | 2 | |
20 total
DrLay420 (
blue | 7 APM | 427 actions | 59:00)
3 Far Seer
2 Feral Spirit
1 Chain Lighting
» actions
| Basic commands | 3 | |
| Build / train | 62 | |
| ESC pressed | 1 | |
| Enter build submenu | 15 | |
| Enter hero's abilities submenu | 3 | |
| Remove unit from queue | 2 | |
| Right click | 107 | |
| Select / deselect | 184 | |
| Use ability | 50 | |
427 total
» units
| Peon | 5 | |
| Grunt | 2 | |
| Troll Headhunter/Berserker | 29 | |
36 total
» upgrades
| Armor | 3 | |
| Ranged Weapons | 3 | |
| Spiked Barricades | 1 | |
| Troll Regeneration | 1 | |
| Berserker Upgrade | 1 | |
| Pillage | 1 | |
10 total
» buildings
| Altar of Storms | 1 | |
| Orc Burrow | 6 | |
| Barracks | 2 | |
| War Mill | 1 | |
| Voodoo Lounge | 1 | |
| Stronghold | 1 | |
| Fortress | 1 | |
| Watch Tower | 2 | |
15 total
» build order
00:15 Altar of Storms
00:22 Orc Burrow
01:15 Barracks
01:38 Orc Burrow
01:59 War Mill
02:28 Voodoo Lounge
05:01 Stronghold
07:02 Orc Burrow
07:07 Orc Burrow
09:35 Fortress
09:54 Orc Burrow
19:27 Barracks
19:34 Orc Burrow
45:03 Watch Tower
45:20 Watch Tower
» items
| Scroll of Speed | 3 | |
| Healing Salve | 3 | |
| Scroll of Town Portal | 1 | |
7 total
team 2 (loser)

»
noobfest (
yellow | 25 APM | 1318 actions | 52:16)
5 Keeper of the Grove
2 Entangling Roots
3 Thorns Aura
5 Priestess of the Moon
3 Trueshot Aura
2 Scout
» actions
| Basic commands | 22 | |
| Build / train | 85 | |
| Enter build submenu | 15 | |
| Enter hero's abilities submenu | 10 | |
| Give item / drop item | 2 | |
| Right click | 844 | |
| Select / deselect | 290 | |
| Use ability | 50 | |
1318 total
» units
| Wisp | 11 | |
| Archer | 3 | |
| Dryad | 19 | |
| Druid of the Talon | 9 | |
| Hippogryph | 11 | |
| Chimaera | 5 | |
58 total
» upgrades
| Abolish Magic | 1 | |
| Strength of the Wild | 2 | |
| Reinforced Hides | 3 | |
| Druid of the Talon Training | 2 | |
| Corrosive Breath | 1 | |
| Mark of the Talon | 1 | |
10 total
» buildings
| Moon Well | 6 | |
| Altar of Elders | 1 | |
| Ancient of War | 1 | |
| Tree of Ages | 1 | |
| Hunter's Hall | 1 | |
| Ancient of Lore | 1 | |
| Tree of Eternity | 1 | |
| Ancient of Wind | 1 | |
| Chimaera Roost | 1 | |
| Ancient of Wonders | 1 | |
| Tree of Life | 1 | |
16 total
» build order
00:26 Moon Well
00:31 Altar of Elders
01:23 Ancient of War
01:41 Moon Well
02:45 Tree of Ages
03:26 Hunter's Hall
03:32 Moon Well
04:37 Moon Well
05:20 Ancient of Lore
05:29 Tree of Eternity
05:34 Ancient of Wind
08:04 Chimaera Roost
11:03 Moon Well
13:30 Ancient of Wonders
14:07 Moon Well
23:11 Tree of Life
» items
| Scroll of Town Portal | 1 | |
| Orb of Lightning | 1 | |
| Potion of Lesser Invulnerability | 1 | |
3 total
Akumatata (
orange | 45 APM | 2472 actions | 55:24)
8 Mountain King
3 Storm Bolt
3 Bash
1 Avatar
1 Thunder Clap
1 Paladin
1 Devotion Aura
» actions
| Assign group hotkey | 19 | |
| Basic commands | 42 | |
| Build / train | 76 | |
| Enter build submenu | 29 | |
| Enter hero's abilities submenu | 9 | |
| Give item / drop item | 1 | |
| Remove unit from queue | 1 | |
| Right click | 1184 | |
| Select / deselect | 648 | |
| Select group hotkey | 391 | |
| Use ability | 72 | |
2472 total
» units
| Peasant | 12 | |
| Footman | 6 | |
| Rifleman | 19 | |
| Siege Engine | 12 | |
49 total
» upgrades
| Gunpowder | 3 | |
| Armor | 3 | |
| Lumber Harvesting | 2 | |
| Long Rifles | 1 | |
| Barrage | 1 | |
| Plating | 3 | |
13 total
» buildings
| Altar of Kings | 1 | |
| Barracks | 2 | |
| Farm | 11 | |
| Blacksmith | 1 | |
| Keep | 1 | |
| Lumber Mill | 1 | |
| Castle | 1 | |
| Town Hall | 2 | |
| Workshop | 5 | |
| Scout Tower | 1 | |
| Moon Well | 1 | |
27 total
» build order
00:14 Altar of Kings
00:24 Barracks
00:32 Farm
01:09 Farm
01:45 Farm
02:23 Blacksmith
02:28 Farm
03:09 Farm
03:53 Farm
04:17 Keep
05:07 Lumber Mill
06:42 Castle
08:34 Town Hall
10:46 Town Hall
10:51 Farm
11:30 Farm
12:12 Farm
14:32 Barracks
26:16 Workshop
26:24 Workshop
26:28 Workshop
27:25 Workshop
27:30 Workshop
27:43 Farm
27:45 Farm
53:40 Scout Tower
53:52 Moon Well
ThatTurncoat (
purple | 78 APM | 4603 actions | 59:00)
10 Archmage
3 Summon Water Elemental
3 Brilliance Aura
1 Mass Teleport
3 Blizzard
» actions
| Assign group hotkey | 262 | |
| Basic commands | 212 | |
| Build / train | 108 | |
| Enter build submenu | 75 | |
| Enter hero's abilities submenu | 10 | |
| Give item / drop item | 1 | |
| Right click | 1920 | |
| Select / deselect | 654 | |
| Select group hotkey | 1209 | |
| Use ability | 152 | |
4603 total
» units
| Peasant | 26 | |
| Footman | 3 | |
| Gryphon Rider | 10 | |
| Mortar Team | 11 | |
50 total
» upgrades
| Lumber Harvesting | 2 | |
| Masonry | 3 | |
| Animal War Training | 1 | |
| Swords | 3 | |
| Armor | 3 | |
| Storm Hammers | 1 | |
| Fragmentation Shards | 1 | |
| Gunpowder | 3 | |
| Flare | 1 | |
18 total
» buildings
| Altar of Kings | 1 | |
| Barracks | 2 | |
| Farm | 14 | |
| Keep | 1 | |
| Town Hall | 6 | |
| Lumber Mill | 5 | |
| Castle | 2 | |
| Scout Tower | 46 | |
| Guard Tower | 14 | |
| Blacksmith | 2 | |
| Gryphon Aviary | 6 | |
| Arcane Vault | 2 | |
| Workshop | 5 | |
106 total
» build order
00:53 Altar of Kings
00:56 Barracks
01:00 Farm
01:07 Barracks
01:10 Farm
01:11 Farm
01:14 Farm
01:15 Farm
02:17 Farm
02:23 Farm
04:04 Keep
04:12 Town Hall
05:40 Lumber Mill
08:12 Town Hall
08:56 Castle
08:57 Castle
09:18 Scout Tower
09:18 Scout Tower
09:19 Scout Tower
09:20 Scout Tower
09:28 Scout Tower
09:28 Scout Tower
09:29 Scout Tower
09:33 Scout Tower
09:35 Scout Tower
09:42 Scout Tower
09:43 Scout Tower
09:44 Scout Tower
09:45 Scout Tower
09:47 Scout Tower
09:48 Scout Tower
09:48 Scout Tower
09:49 Scout Tower
09:51 Scout Tower
10:01 Guard Tower
10:12 Guard Tower
10:29 Guard Tower
10:31 Guard Tower
10:37 Scout Tower
10:44 Guard Tower
10:55 Blacksmith
10:57 Blacksmith
11:01 Lumber Mill
11:18 Guard Tower
12:38 Guard Tower
14:24 Town Hall
14:27 Scout Tower
14:27 Scout Tower
14:29 Scout Tower
14:30 Scout Tower
14:32 Scout Tower
14:32 Scout Tower
14:34 Scout Tower
14:36 Scout Tower
14:39 Scout Tower
14:40 Scout Tower
14:41 Scout Tower
14:43 Scout Tower
14:44 Scout Tower
15:26 Guard Tower
15:34 Guard Tower
16:45 Guard Tower
17:08 Gryphon Aviary
17:09 Gryphon Aviary
17:11 Gryphon Aviary
17:12 Gryphon Aviary
17:13 Gryphon Aviary
17:15 Gryphon Aviary
17:20 Lumber Mill
17:24 Scout Tower
17:25 Scout Tower
17:27 Scout Tower
17:35 Scout Tower
17:42 Scout Tower
17:43 Scout Tower
18:24 Guard Tower
18:42 Guard Tower
20:12 Farm
20:14 Farm
20:15 Farm
20:16 Farm
20:16 Farm
21:00 Farm
21:04 Farm
22:06 Scout Tower
22:07 Scout Tower
22:08 Scout Tower
22:09 Scout Tower
22:10 Scout Tower
22:10 Scout Tower
22:11 Scout Tower
22:12 Scout Tower
23:15 Town Hall
25:39 Guard Tower
26:05 Lumber Mill
26:12 Arcane Vault
28:07 Town Hall
28:49 Lumber Mill
29:53 Arcane Vault
32:57 Workshop
32:58 Workshop
33:01 Workshop
33:02 Workshop
33:05 Workshop
35:21 Town Hall
39:39 Guard Tower
» items
| Periapt of Vitality | 2 | |
| Staff of Teleportation | 1 | |
| Ivory Tower | 2 | |
| Potion of Healing | 1 | |
| Scroll of Regeneration | 1 | |
| Scroll of Town Portal | 2 | |
9 total
Fiery_WA (
teal | 21 APM | 1167 actions | 55:31)
3 Blademaster
1 Wind Walk
1 Mirror Image
1 Critical Strike
1 Shadow Hunter
1 Healing Wave
» actions
| Basic commands | 26 | |
| Build / train | 56 | |
| ESC pressed | 1 | |
| Enter build submenu | 16 | |
| Enter hero's abilities submenu | 4 | |
| Give item / drop item | 1 | |
| Right click | 824 | |
| Select / deselect | 192 | |
| Use ability | 47 | |
1167 total
» units
| Peon | 7 | |
| Grunt | 5 | |
| Demolisher | 1 | |
| Raider | 10 | |
| Troll Witch Doctor | 6 | |
| Wind Rider | 6 | |
| Troll Batrider | 3 | |
| Shaman | 1 | |
39 total
» upgrades
| Pillage | 1 | |
| Ensnare | 1 | |
| Witch Doctor Training | 2 | |
| Envenomed Spears | 1 | |
| Shaman Training | 2 | |
| Liquid Fire | 1 | |
8 total
» buildings
| Altar of Storms | 1 | |
| Orc Burrow | 6 | |
| Barracks | 1 | |
| Stronghold | 1 | |
| War Mill | 1 | |
| Voodoo Lounge | 1 | |
| Beastiary | 1 | |
| Fortress | 1 | |
| Spirit Lodge | 1 | |
| Great Hall | 3 | |
17 total
» build order
00:11 Altar of Storms
00:15 Orc Burrow
01:12 Barracks
01:41 Orc Burrow
02:53 Stronghold
03:38 Orc Burrow
04:08 War Mill
04:39 Voodoo Lounge
04:53 Orc Burrow
05:45 Beastiary
06:22 Fortress
08:10 Orc Burrow
09:11 Orc Burrow
11:01 Spirit Lodge
12:40 Great Hall
22:25 Great Hall
24:01 Great Hall
» items
Chat log
(00:30 / All) ThatTurncoat: Hey Green
(00:34 / All) ThatTurncoat: your mother should know
(00:50 / All) BOBMARKLEY.: that i like men
(14:47 / Allies) Akumatata: purple share gold?
(14:53 / Allies) ThatTurncoat: I'm about to pumo
(14:58 / Allies) ThatTurncoat: pump griffs
(15:03 / Allies) ThatTurncoat: when I get wood
(15:11 / Allies) ThatTurncoat: and this expo secured
(15:28 / All) TheFrumentarii: didn't get that expo, nice
(15:33 / All) TheFrumentarii: just 3 niggurats
(17:28 / Allies) Akumatata: ummm purple?
(17:45 / Allies) noobfest: purp passs gold now or im tking
(18:00 / Allies) noobfest: thak you
(18:00 / Allies) ThatTurncoat: I'm making griffs soon
(18:14 / Allies) ThatTurncoat: wood
(18:18 / Allies) noobfest: i dont believe u but thaks anyway
(18:23 / All) TheFrumentarii: that worth your heroes and raiders?
(18:31 / Allies) ThatTurncoat: I have 6 aviaries
(18:37 / Allies) ThatTurncoat: I need wood tho
(18:42 / Allies) Akumatata: get hippos purple
(18:56 / All) ThatTurncoat: how shall I accomplish this feat, sir?
(19:05 / Allies) Akumatata: lol
(19:05 / All) ThatTurncoat: I'll get dark ranger, help me get it to 6
(19:07 / Allies) Akumatata: i ment yellow
(19:07 / Allies) Akumatata: haha
(19:08 / All) ThatTurncoat: then I can steal a peon
(19:12 / All) BOBMARKLEY.: oh
(19:14 / All) BOBMARKLEY.: go ahead
(19:31 / Allies) ThatTurncoat: orange give me some wood
(25:07 / Allies) noobfest: u guys dont fight
(25:10 / Allies) noobfest: we lose
(25:25 / Allies) Akumatata: gold pleaes
(25:25 / Allies) Akumatata: purple
(25:27 / Allies) Fiery_WA: purple keeps hogging the mines
(25:58 / Allies) noobfest: 13000 gold let oj make tanks give him 3000
(25:58 / Allies) Akumatata: i have no gold
(26:14 / Allies) Fiery_WA: who does?
(26:19 / Allies) noobfest: purpl;e
(26:20 / Allies) Akumatata: i have no gold
(26:24 / Allies) noobfest: 13000 gold
(26:33 / Allies) Akumatata: i can get tanks
(26:34 / Allies) Akumatata: p
(26:38 / Allies) noobfest: 14000
(26:49 / Allies) noobfest: give gold to oj for tanksu noob
(27:01 / Allies) Akumatata: purple please
(27:05 / Allies) Akumatata: i've helped you out with wood
(27:08 / Allies) noobfest: griffs are shit aa
(27:33 / Allies) Akumatata: i got tanks coming
(27:34 / Allies) Akumatata: thanks
(27:55 / Allies) ThatTurncoat: teal bsed me
(27:59 / Allies) ThatTurncoat: killed my hall
(28:28 / Allies) ThatTurncoat: teal is dead
(28:39 / Allies) noobfest: and so am i
(28:52 / Allies) Fiery_WA: all thanx to u purple
(28:56 / Allies) noobfest: no shit
(29:05 / Allies) noobfest: u cant win playin solo
(29:17 / Allies) Fiery_WA: none of us can
(29:52 / Allies) noobfest: this is made worse because purp sucks
(30:17 / Allies) Akumatata: need moer gold plz
(30:29 / Allies) noobfest: he only has 13900
(30:40 / Allies) noobfest: how can he help u
(31:08 / Allies) Fiery_WA: useless cunt purple
(32:05 / Allies) noobfest: shithead has lvl 6 tp and wont get morts or tanks
(32:19 / Allies) Fiery_WA: hes a noob
(32:29 / Allies) Akumatata: lol
(32:36 / Allies) Fiery_WA: shhhh
(32:49 / Allies) Akumatata: we can win
(33:01 / Allies) noobfest: not unless purp shares gold
(33:02 / Allies) Akumatata: im ugrading d
(33:11 / Allies) noobfest: i cant make shit neither can anyone else
(33:19 / Allies) noobfest: 400 food will win
(33:29 / Allies) noobfest: cause we will only have 200
(33:31 / Allies) Akumatata: lets go
(34:24 / Allies) ThatTurncoat: teal is still attacking me with peons
(35:33 / Allies) Fiery_WA: wow oj he let u keep a mine
(35:44 / Allies) noobfest: fuck u puprle asshole
(36:03 / Allies) Fiery_WA: tank it
(36:24 / Allies) noobfest: wait for a decent game and u get stuck with a shithead
(36:32 / Allies) Fiery_WA: yup
(36:54 / Allies) noobfest: i wouldnt mind but he fucking sucks
(36:55 / Allies) Fiery_WA: hell hes only got 10000
(37:17 / Allies) noobfest: i mean he really is jsut very bad
(37:29 / Allies) noobfest: he cant even use lvl 6 tp to win
(37:40 / Allies) noobfest: i would have raped all their bases by now
(37:49 / Allies) Fiery_WA: we all cud have
(38:05 / Allies) Fiery_WA: but he wants to b a hero and solo
(38:27 / Allies) noobfest: if green didnt suck we would have lost already
(38:57 / Allies) noobfest: lol now he dies likea noob
(39:17 / Allies) Akumatata: purple, more gold please
(39:21 / Allies) Akumatata: just about 2000
(39:36 / Allies) Akumatata: ty
(39:43 / Allies) noobfest: pathetic im going to make a snack
(39:59 / All) noobfest: BNET IS A NOOBFEST
(40:08 / All) BOBMARKLEY.: lawl
(40:12 / All) BOBMARKLEY.: we stab u all the tim enoobfest
(40:25 / All) Fiery_WA: no purple is a noobfest
(40:26 / All) noobfest: AND I STAB BACK
(40:36 / All) BOBMARKLEY.: no u dont fool, we never lost to u
(40:38 / All) Celebrieigil: wow pink
(40:39 / All) BOBMARKLEY.: we always match u
(40:52 / All) noobfest: LOL I NEVER EVER PLAYED U NOOBSAUCE
(40:57 / All) TheFrumentarii: first person to leave in a long ass game
(41:02 / All) TheFrumentarii: He was right by my expo so I killed him
(42:44 / All) BOBMARKLEY.: yellow i raped ur heros tping
(42:46 / All) BOBMARKLEY.: with one
(42:47 / All) BOBMARKLEY.: dr
(43:06 / All) noobfest: lol dude they only had 20 hp left
(43:11 / All) BOBMARKLEY.: and
(43:17 / All) BOBMARKLEY.: not my concern
(43:18 / All) noobfest: and asshole purp sucked my wells dry
(43:30 / All) noobfest: otherwise ur dead
(43:33 / Allies) Fiery_WA: oj
(43:38 / Allies) Fiery_WA: green
(44:01 / All) BOBMARKLEY.: i was goign easy
(44:02 / All) BOBMARKLEY.: on u
(44:03 / All) BOBMARKLEY.: yellow
(44:05 / All) BOBMARKLEY.: and still raped u
(44:11 / All) BOBMARKLEY.: i dont even remember what units u got cuz u did nothing
(44:15 / All) noobfest: lol u didnt do shit
(44:15 / All) BOBMARKLEY.: you were irrelevant
(44:27 / All) noobfest: purp owned this game and lost it\
(44:34 / All) BOBMARKLEY.: i raped ur heros like 5 times, and ur base is obviously gone
(44:58 / All) noobfest: seriously bro this is 5v3
(45:11 / All) BOBMARKLEY.: i massed toweres too fool
(45:11 / All) TheFrumentarii: A shame you're not in it
(45:17 / All) BOBMARKLEY.: come rod
(45:20 / All) noobfest: teal is tking pupr is sucking and ur crowing what a noob
(45:36 / All) BOBMARKLEY.: we did the same thing purple did
(46:25 / Allies) noobfest: oj go on offence and base kill stop running around
(46:31 / All) BOBMARKLEY.: ITS UR fault yellow for letting one ally do nothing but expo
(46:33 / Allies) noobfest: seriously
(46:36 / Allies) Akumatata: you guys got control fo my units
(47:30 / Allies) noobfest: teal stop it u ashole
(47:43 / Allies) noobfest: teal is suiciding ur units oj
(47:58 / Allies) noobfest: dont let himcontrol
(49:12 / All) BOBMARKLEY.: i can show u proof we raped u before yellow
(49:23 / All) noobfest: lol u amuse me
(49:30 / All) BOBMARKLEY.: ok let me copy paste it
(49:51 / All) DrLay420: glad i stuck arund...lol
(50:25 / All) DrLay420: im always down fer a win, i mean nless you dont think you can do it...
(50:45 / Allies) Akumatata: purple you there?
(50:50 / All) BOBMARKLEY.: blue
(50:52 / All) BOBMARKLEY.: u here?
(50:54 / All) DrLay420: yo
(50:56 / All) ThatTurncoat: yeah
(50:59 / All) BOBMARKLEY.: would u be willing to leave ur internet on all night?
(51:02 / All) BOBMARKLEY.: and possibly all week?
(51:06 / All) ThatTurncoat: I killed my two enemies
(51:09 / All) noobfest: lol its u again
(51:11 / All) DrLay420: proly
(51:20 / All) BOBMARKLEY.: ok blue listen up
(51:23 / All) noobfest: oj they are in it together
(51:30 / Allies) noobfest: they do this all the time
(51:34 / All) BOBMARKLEY.: purple, pink, and i are friends, we're gonna kill ALL UNITS, including our OWN, and leave one building
(51:35 / All) BOBMARKLEY.: each side
(51:37 / All) BOBMARKLEY.: then we leave game
(51:38 / All) BOBMARKLEY.: sound fair?
(51:43 / Allies) noobfest: next hey will killoff all the units
(51:48 / All) TheFrumentarii: Last one to leave/best internet wins
(51:49 / All) BOBMARKLEY.: person with best internet connection wins
(51:59 / Allies) noobfest: and then it is an ineternt connection battle
(52:00 / All) DrLay420: hell wit that
(52:09 / All) BOBMARKLEY.: u aint gonna do it?
(52:11 / All) noobfest: lol im not playing asholes cya
(52:20 / All) DrLay420: sounds kinda pointless
(52:21 / All) BOBMARKLEY.: lawl
(52:44 / All) Akumatata: i just dont know what happened to purple
(52:46 / All) Akumatata: lol
(52:51 / All) BOBMARKLEY.: what u mean
(53:06 / All) BOBMARKLEY.: pro
(53:06 / All) DrLay420: they froze on my screen
(53:09 / All) BOBMARKLEY.: try surrounding allies with it
(53:21 / All) BOBMARKLEY.: "they froze on my screen"
(54:18 / All) Akumatata: lol purple really is leaving one building on each side haha
(54:18 / All) BOBMARKLEY.: blue
(54:22 / All) BOBMARKLEY.: if u leave blue, u get a tie
(54:41 / All) DrLay420: ill wait a tad bit longer
(54:45 / Allies) Akumatata: ahhh purple!
(54:45 / Allies) Akumatata: nol
(54:47 / Allies) Akumatata: haha
(54:55 / Allies) Fiery_WA: idiot
(55:02 / All) DrLay420: so who really would win?
(55:10 / All) BOBMARKLEY.: we dont care thats the point
(55:13 / All) BOBMARKLEY.: its irrelevant to us
(55:16 / All) BOBMARKLEY.: we are on new accounts
(55:24 / All) ThatTurncoat: We can't determine that once stand off is complete
(55:25 / All) DrLay420: but if you did what or who would win?
(55:27 / All) ThatTurncoat: either team could win
(55:39 / All) TheFrumentarii: I guess no standoff
(55:41 / All) BOBMARKLEY.: BLUE i want their team to lose can u leave
(55:59 / All) TheFrumentarii: Well looks like we lose
(56:03 / All) TheFrumentarii: unsummoned all of my shit
(56:07 / All) TheFrumentarii: and now purple is a big threat
(56:13 / All) BOBMARKLEY.: blue
(56:20 / All) BOBMARKLEY.: go find another game
(56:28 / All) DrLay420: guess his internet aint good
(57:33 / All) TheFrumentarii: Leave blue you faggot, you lost
(57:38 / All) DrLay420: i kno
(57:44 / All) DrLay420: i love to lose
(57:53 / All) DrLay420: thats why i play
(57:59 / All) TheFrumentarii: Leave you get a tie, stay you get a loss
(58:01 / All) TheFrumentarii: So gtfo
(58:08 / All) DrLay420: nah
(58:34 / All) ThatTurncoat: He's too stupid to leave. Guess that means you win blue.
(58:39 / All) TheFrumentarii: lol
(58:40 / All) ThatTurncoat: Congratulations, 46 and 62?
(58:47 / All) DrLay420: thanx
(58:49 / All) TheFrumentarii: Still below 50% but it's a step